 Dungeon Crawl Stone Soup version 0.28-a0-1087-gf3fc490d9d (webtiles) character file.

Game seed: 9265056263720432097

2783 ducksouse the Ruffian (level 9, -4/83 HPs)
             Began as a Troll Transmuter on Dec 11, 2021.
             Was a Priest of Okawaru.
             Hit by a large rock thrown by a cyclops (20 damage)
             ... on level 7 of the Dungeon.
             The game lasted 00:37:51 (6345 turns).

ducksouse the Ruffian (Troll Transmuter)            Turns: 6345, Time: 00:37:51

Health: -4/83      AC:  4    Str: 20    XL:     9   Next: 43%
Magic:  12/12      EV: 11    Int: 13    God:    Okawaru [***...]
Gold:   315        SH:  0    Dex: 10    Spells: 7/14 levels left

rFire   . . .      SeeInvis .   D - +5 flail (protect)
rCold   . . .      Faith    .   (no shield)
rNeg    . . .      Spirit   .   a - +0 robe
rPois   .          Reflect  .   (helmet restricted)
rElec   .          Harm     .   (no cloak)
rCorr   .          Rampage  .   (gloves unavailable)
Will    .....                   (boots unavailable)
Stlth   +.........              s - amulet of regeneration
HPRegen 1.83/turn               (no ring)
MPRegen 0.13/turn               (no ring)

@: flying
A: large, unfitting armour, claws 3, regeneration 1, shaggy fur 1, tough skin 1
a: Renounce Religion, Heroism


You were on level 7 of the Dungeon.
You worshipped Okawaru.
Okawaru was most pleased with you.
You visited 2 branches of the dungeon, and saw 8 of its levels.

You collected 315 gold pieces.

Inventory:

Hand Weapons
 c - a +0 whip
 A - a +0 dagger of draining
 D - a +5 flail of protection (weapon)
Missiles
 l - a javelin (quivered)
Armour
 a - a +0 robe (worn)
 g - a +1 leather armour of cold resistance
 j - a +0 scale mail
 t - a +0 chain mail
 w - a +1 robe of cold resistance
 y - a +1 pair of boots
 B - a +2 ring mail of fire resistance
Jewellery
 b - an amulet of the acrobat
 s - an amulet of regeneration (around neck)
Scrolls
 d - a scroll of teleportation {unknown}
 n - a scroll of fear
 u - 2 scrolls of noise
Potions
 f - a potion of curing
 h - 3 potions of cancellation
 i - 2 potions of berserk rage {unknown}
 k - a potion of flight
 m - a potion of might {unknown}
 r - a potion of brilliance {unknown}
 v - a potion of invisibility
 z - a potion of ambrosia {unknown}
 C - 2 potions of degeneration {unknown}
 E - a potion of resistance {unknown}
Miscellaneous
 e - a tin of tremorstones (2/2)


   Skills:
 * Level 3.6 Fighting
 * Level 0.3 Short Blades
 * Level 2.9 Maces & Flails
 + Level 2.5 Throwing
 + Level 4.9 Dodging
 + Level 1.2 Stealth
 + Level 7.5 Unarmed Combat
 + Level 3.2 Spellcasting
 + Level 3.4 Transmutations
 + Level 0.1 Invocations


You had 7 spell levels left.
You knew the following spells:

 Your Spells              Type           Power      Damage    Failure   Level
a - Beastly Appendage     Tmut           20%        N/A       5%          1
b - Wereblood             Tmut           10%        N/A       9%          2
c - Magic Dart            Conj           8%         1d3       22%         1
d - Spider Form           Tmut/Pois      6%         N/A       32%         3

Your spell library contained the following spells:

 Spells                   Type           Power      Damage    Failure   Level
 Searing Ray              Conj           4%         2d4       32%         2
 Corpse Rot               Necr/Air       4%         N/A       34%         2
 Poisonous Vapours        Pois/Air       4%         N/A       34%         2
 Static Discharge         Conj/Air       2%         N/A       34%         2
 Inner Flame              Hex/Fire       2%         N/A       56%         3
 Ozocubu's Armour         Ice            2%         N/A       56%         3
 Ice Form                 Ice/Tmut       6%         N/A       73%         4
 Cause Fear               Hex            1%         N/A       92%         4
 Dispel Undead            Necr           2%         3d7       92%         4
 Fulminant Prism          Conj/Hex       1%         3d6       92%         4
 Sticky Flame             Conj/Fire      2%         2d3       92%         4
 Ozocubu's Refrigeration  Ice            1%         4d5       100%        7
 Discord                  Hex            1%         N/A       100%        8


Dungeon Overview and Level Annotations

Branches:
Dungeon (7/15)             Temple (1/1) D:5

Altars:
Ashenzari
Cheibriados
Dithmenos
Elyvilon
Hepliaklqana
Kikubaaqudgha
Makhleb
Nemelex Xobeh
Okawaru
Qazlal
Ru
Sif Muna
Uskayaw
Vehumet
Wu Jian
Yredelemnul
Zin
The Shining One


Innate Abilities, Weirdness & Mutations

You are too large for most types of armour.
You have claws for hands.
Your natural rate of healing is unusually fast.
You are covered in fur. (AC +1)
You have tough skin. (AC +1)


Message History

The cyclops throws a large rock.
You flicker for a moment.
You flicker back into view.
The cyclops throws a large rock.
The large rock hits you!
Found a stone staircase leading up.
You throw a javelin.
The javelin pierces through the cyclops.
The cyclops is lightly wounded.
You throw a javelin.
The javelin pierces through the cyclops!
The cyclops is lightly wounded.
You throw a javelin.
The javelin pierces through the cyclops.
The cyclops is moderately wounded.
The cyclops hits you!!
Casting: Wereblood (safe; 9% risk of failure)
Confirm with . or Enter, or press ? or * to list all spells.
Your blood is infused with primal strength.
The cyclops hits you!!
You barely miss the cyclops.
The cyclops is moderately wounded.
You hit the cyclops but do no damage.
Your weapon exudes an aura of protection.
The cyclops is moderately wounded.
The cyclops hits you! The cyclops misses you.
Your primal bloodlust is almost over.
You see here 3 javelins.
The cyclops throws a large rock.
The large rock hits you!
Your primal bloodlust has ended.
The cyclops hits you!!
* * * LOW HITPOINT WARNING * * *
You feel better. The cyclops closely misses you.
You feel very buoyant.
You fly up into the air.
You hear the creaking of a very distant portcullis.
The cyclops throws a large rock.
The large rock hits you!!
* * * LOW HITPOINT WARNING * * *
The cyclops throws a large rock.
The large rock hits you!!
You die...

#.# #.# #....#####(####.#
#.#..#..........#
###.#..#.####.##### ...#..#<#
#.# ....... #.# #.#..# #.#
####.#..# #.# #..C...@# #.#
#.#.#.#.######)#######.#
#.#####..###.....)............
#.........#..#..)###########..
#######...(......##
##.#.#.......# #.#..........).
#.#.#...<...### #.#.###...###


You could see a cyclops.

Vanquished Creatures
  A manticore (D:6)
  Prince Ribbit (D:6)
  A yak (D:6)
  Sigmund (D:5)
  Edmund (D:6)
  Duvessa (D:6)
  2 water moccasins (D:6)
  2 black bears
  A centaur (D:6)
  2 necrophages
  2 bullfrogs
  3 scorpions
  Dowan (D:6)
  A wight (D:6)
  A jelly (D:5)
  A centaur zombie (D:6)
  An orc priest (D:5)
  5 hounds
  2 centaur skeletons (D:6)
  A gnoll shaman (D:7)
  Natasha (thrice) (D:2)
  An orc wizard (D:5)
  3 gnolls (D:7)
  11 adders
  An adder skeleton (D:4)
  3 worms
  3 dart slugs
  7 orcs
  7 bats
  10 endoplasms
  5 giant cockroaches
  8 goblins
  3 hobgoblins (D:1)
  8 jackals
  13 quokkas
  11 ball pythons
  4 frilled lizards
  6 kobolds
  2 rats (D:2)
140 creatures vanquished.

Notes
Turn   | Place    | Note
-------+----------+-------------------------------------------
     0 | D:1      | ducksouse the Troll Transmuter began the quest for the Orb.
     0 | D:1      | Reached XP level 1. HP: 18/18 MP: 1/1
   123 | D:1      | Reached XP level 2. HP: 26/26 MP: 0/3
   134 | D:1      | Found a faded altar of an unknown god.
   327 | D:1      | Reached XP level 3. HP: 32/32 MP: 4/4
   330 | D:1      | Learned a level 2 spell: Wereblood
  1154 | D:2      | Noticed Natasha
  1165 | D:2      | Killed Natasha
  1166 | D:2      | Reached XP level 4. HP: 17/40 MP: 5/5
  1267 | D:2      | Noticed Natasha
  1273 | D:2      | Killed Natasha
  1274 | D:2      | Reached skill level 1 in Fighting
  1274 | D:2      | Reached skill level 4 in Unarmed Combat
  1439 | D:2      | Noticed Natasha
  1449 | D:2      | Killed Natasha
  1586 | D:3      | Noticed a scorpion
  1593 | D:3      | Killed a scorpion
  1594 | D:3      | Reached XP level 5. HP: 35/48 MP: 4/6
  3352 | D:4      | Reached XP level 6. HP: 55/55 MP: 7/7
  3365 | D:4      | Found an iron altar of Okawaru.
  3365 | D:4      | Found a sparkling altar of Nemelex Xobeh.
  3388 | D:4      | Became a worshipper of Warmaster Okawaru
  3560 | D:4      | Reached skill level 5 in Unarmed Combat
  3626 | D:4      | Reached skill level 1 in Throwing
  3968 | D:5      | Entered Level 5 of the Dungeon
  3991 | D:5      | Found a staircase to the Ecumenical Temple.
  4085 | D:5      | Learned a level 1 spell: Magic Dart
  4161 | Temple   | Entered the Ecumenical Temple
  4615 | D:5      | Reached XP level 7. HP: 52/63 MP: 5/8
  4809 | D:5      | Noticed Sigmund
  4857 | D:5      | Killed Sigmund
  4857 | D:5      | Reached * piety under Okawaru
  5155 | D:6      | Reached skill level 6 in Unarmed Combat
  5191 | D:6      | Reached ** piety under Okawaru
  5192 | D:6      | Reached XP level 8. HP: 72/74 MP: 7/10
  5309 | D:6      | Noticed Duvessa
  5309 | D:6      | Noticed Dowan
  5321 | D:6      | Killed Duvessa
  5338 | D:6      | Killed Dowan
  5409 | D:6      | Noticed Edmund
  5413 | D:6      | Reached skill level 1 in Stealth
  5428 | D:6      | Killed Edmund
  5506 | D:6      | Noticed Prince Ribbit
  5589 | D:6      | Killed Prince Ribbit
  5590 | D:6      | Reached skill level 7 in Unarmed Combat
  5662 | D:6      | Found the +4 Cigotuvi's embrace {rMiasma Drain rN+}
  5724 | D:6      | Noticed a manticore
  5738 | D:6      | Reached skill level 1 in Maces & Flails
  5742 | D:6      | Killed a manticore
  5743 | D:6      | Reached XP level 9. HP: 59/81 MP: 7/12
  5750 | D:6      | Reached *** piety under Okawaru
  5781 | D:6      | Learned a level 3 spell: Spider Form
  6273 | D:7      | Noticed a cyclops
  6345 | D:7      | Hit by a large rock thrown by a cyclops

Illustrated notes

Levels and vault maps discovered:
D:1:      noname_arrival_rooms_in_the_neighbourhood, layout_rooms,
          hellmonk_ecumenical_altar_heavens_door, minivault_11
D:2:      layout_rooms, uniq_natasha
D:3:      layout_basic
D:4:      layout_basic, gammafunk_temple_overflow_pools
D:5:      layout_basic, minmay_temple_entry_proselytizer, gup_sewer_entry_pipe,
          uniq_sigmund
D:6:      layout_basic, minmay_divided_ellipse, uniq_duvessa,
          uniq_prince_ribbit1, uniq_edmund
D:7:      layout_loops_ring, xom_shifter_show, enter_bailey_4, serial_shops,
          shop
Temple:   minmay_temple_bridge_d

Skill      XL: |  1  2  3  4  5  6  7  8 |
---------------+-------------------------+-----
Dodging        | 2 3 4 |  4.9
Fighting       | 1 2 3 |  3.6
Unarmed Combat | 4 5 6 7 |  7.5
Throwing       | 1 2 |  2.5
Transmutations | 2 3 |  3.4
Spellcasting   | 2 3 |  3.2
Stealth        | 1 |  1.2
Maces & Flails | 2 |  2.9
Short Blades   | |  0.3
Invocations    | |  0.1

Action                   |  1- 3 |  4- 6 |  7- 9 || total
-------------------------+-------+-------+-------++-------
Melee: Unarmed           |   103 |   114 |   107 ||   324
       Headbutt          |     6 |    14 |    11 ||    31
       Kick              |     2 |    11 |    20 ||    33
       Punch             |       |     5 |     2 ||     7
       Flail             |       |       |    84 ||    84
Throw: Javelin           |     6 |    36 |    14 ||    56
 Cast: Beastly Appendage |    10 |    25 |    10 ||    45
       Magic Dart        |       |     5 |       ||     5
       Wereblood         |       |     2 |    12 ||    14
Invok: Heroism           |       |       |     1 ||     1
  Use: Potion            |       |       |    11 ||    11
       Scroll            |       |       |     9 ||     9
Armor: Robe              |    88 |    37 |    71 ||   196
Dodge: Dodged            |   121 |    97 |   134 ||   352

Table legend: (Time is in decaauts)
 A = Elapsed time spent in this place.
 B = Non-inter-level travel time spent in this place.
 C = Inter-level travel time spent in this place.
 D = Time resting spent in this place.
 E = Time spent auto-exploring this place.
 F = Levels seen in this place.
 G = Mean time per level.
                   A        B        C        D        E       F      G
               +--------+--------+--------+--------+--------+-----+--------+
         Total |   6327 |   6314 |     13 |    111 |   1864 |   8 |  790.9 |
       Dungeon |   6087 |   6074 |     13 |    111 |   1677 |   7 |  869.6 |
        Temple |    240 |    240 |      0 |      0 |    187 |   1 |  240.0 |
               +--------+--------+--------+--------+--------+-----+--------+

Top non-repeatable levels by time:
     D:4: 1322 daAuts
     D:3: 1071 daAuts
     D:1: 995 daAuts
     D:6: 981 daAuts
     D:5: 919 daAuts
     D:2: 591 daAuts
  Temple: 240 daAuts
     D:7: 205 daAuts
